 Dungeon Crawl Stone Soup version 0.19.1-1-g22dce08 (webtiles) character file.

131 Jaskiniowiec the Digger (level 5, -6/28 HPs)
             Began as a Gargoyle Earth Elementalist on Jan 7, 2017.
             Killed from afar by Jaskiniowiec's ghost (26 damage)
             ... with a stone arrow
             ... on level 3 of the Dungeon.
             The game lasted 00:08:44 (3021 turns).

Jaskiniowiec the Digger (GrEE)                      Turns: 3021, Time: 00:08:44

Health: -6/28      AC:  9    Str: 11    XL:     5   Next: 14%
Magic:  3/10       EV: 12    Int: 22    God:
Gold:   117        SH:  0    Dex: 10    Spells: 3 memorised, 2 levels left

rFire  . . .     SeeInvis .     b - 65 stones
rCold  . . .     Gourm    .     c - +0 robe
rNeg   + . .     Faith    .     (no shield)
rPois  ∞         Spirit   .     (no helmet)
rElec  +         Reflect  .     (no cloak)
rCorr  .         Harm     .     m - +2 pair of gloves
MR     .....                    (no boots)
Stlth  ++........               (no amulet)
                                (no ring)
                                i - +5 ring of intelligence

@: no status effects
A: negative energy resistance 1, electricity resistance, unbreathing,
petrification resistance, rot immunity, AC +4
a: no special abilities


You were on level 3 of the Dungeon.
You were not hungry.

You visited 1 branch of the dungeon, and saw 3 of its levels.

You collected 117 gold pieces.

Inventory:

Hand Weapons
 f - a +1 club
 g - a +0 whip
 j - a +0 spear
 u - a +0 mace
 v - a +0 mace
Missiles
 b - 65 stones (in hand)
Armour
 c - a +0 robe (worn)
 m - a +2 pair of gloves (worn)
Jewellery
 i - a +5 ring of intelligence (left hand)
Scrolls
 h - a scroll of remove curse
 k - a scroll of fog
 n - a scroll of enchant armour
 o - 2 scrolls of enchant weapon
Potions
 r - a potion of might
 s - a potion of curing
 w - a potion of heal wounds
 x - a potion of haste
Books
 e - a book of Geomancy

   Spells                             Type                      Level
   a - Sandblast                      Earth                        1
   b - Passwall                       Transmutation/Earth          2
   c - Stone Arrow                    Conjuration/Earth            3
   d - Petrify                        Transmutation/Earth          4
   e - Lee's Rapid Deconstruction     Earth                        5
Comestibles
 d - 2 bread rations
 p - a beef jerky
 t - 2 fruits


   Skills:
 - Level 1.5 Dodging
 - Level 2.1 Stealth
 * Level 3.7 Spellcasting
 + Level 1.5 Conjurations
   Level 0.7 Transmutations
 + Level 4.8 Earth Magic


You had 2 spell levels left.
You knew the following spells:

 Your Spells              Type           Power        Failure   Level  Hunger
a - Sandblast             Erth           ####..       1%          1    None
b - Stone Arrow           Conj/Erth      ###...       12%         3    ###....
c - Lee's Rapid Deconstr  Erth           ####......   50%         5    ######.


Dungeon Overview and Level Annotations

Branches:
Dungeon (3/15)

Altars:
Elyvilon
Nemelex Xobeh
Okawaru
Uskayaw
The Shining One

Annotations:
D:3 Jaskiniowiec's ghost, amateur GrEE


Innate Abilities, Weirdness & Mutations

You are resistant to torment.
Your stone body is resilient. (AC +4)
You are immune to poison.
You resist negative energy. (rN+)
You are resistant to electric shocks. (rElec)
You can survive without breathing.
You are immune to petrification.
You are immune to rotting.


Message History

Casting: Sandblast
Confirm with . or Enter, or press ? or * to list all spells.
Aiming: Sandblast
Press: ? - help, Shift-Dir - straight line, f/p - Jaskiniowiec's ghost
Aim: Jaskiniowiec's ghost, wielding a weapon of draining (heavily damaged)
The rocky blast hits Jaskiniowiec's ghost.
Jaskiniowiec's ghost is almost destroyed.
Jaskiniowiec's ghost casts a spell at you.
The rocky blast hits you!
Casting: Sandblast
Confirm with . or Enter, or press ? or * to list all spells.
Aiming: Sandblast
Press: ? - help, Shift-Dir - straight line, f/p - Jaskiniowiec's ghost
Aim: Jaskiniowiec's ghost, wielding a weapon of draining (almost destroyed)
The rocky blast hits Jaskiniowiec's ghost.
Jaskiniowiec's ghost is almost destroyed.
Jaskiniowiec's ghost points at you and mumbles some strange words.
The stone arrow hits you!
Ouch! That really hurt!
You die...

##### #..##
##..##...###.##
# #.##
#.##.....##.##
#.#
#.#.....(.#.#
#.####
#....._...#.#
##....#
###.......#.#
#.#.#.#
##.....##.#
##....#
##...###.#
#####.#####
##### ..#
#......@W.#
#.###.###.# #.#
.# #.. .. ###
W## .. .b ..


You could see Jaskiniowiec's ghost.

Vanquished Creatures
  Natasha (D:2)
  5 adders
  An ooze (D:1)
  2 dart slugs (D:1)
  5 leopard geckos
  A ball python (D:2)
  A giant cockroach (D:2)
  7 goblins
  5 hobgoblins (D:1)
  A quokka (D:2)
  8 bats
  4 frilled lizards
  3 kobolds
  7 rats
51 creatures vanquished.

Notes
Turn   | Place    | Note
-------+----------+-------------------------------------------
     0 | D:1      | Jaskiniowiec the Gargoyle Earth Elementalist began the quest for the Orb.
     0 | D:1      | Reached XP level 1. HP: 10/10 MP: 3/3
   340 | D:1      | Reached XP level 2. HP: 13/15 MP: 3/5
   467 | D:1      | Reached skill level 4 in Earth Magic
   651 | D:1      | Reached XP level 3. HP: 8/19 MP: 7/7
   656 | D:1      | Learned a level 3 spell: Stone Arrow
  1627 | D:2      | Found a white marble altar of Elyvilon.
  1680 | D:2      | Found a hide-covered altar of Uskayaw.
  1761 | D:2      | Found a sparkling altar of Nemelex Xobeh.
  1783 | D:2      | Reached skill level 1 in Conjurations
  1783 | D:2      | Reached XP level 4. HP: 24/24 MP: 5/8
  1823 | D:2      | Found a glowing golden altar of the Shining One.
  2490 | D:2      | Noticed Natasha
  2500 | D:2      | Killed Natasha
  2500 | D:2      | Reached XP level 5. HP: 28/28 MP: 7/10
  2605 | D:2      | Learned a level 5 spell: Lee's Rapid Deconstruction
  2982 | D:3      | Found an iron altar of Okawaru.
  3011 | D:3      | Noticed Jaskiniowiec's ghost (amateur GrEE)
  3021 | D:3      | Killed from afar by Jaskiniowiec's ghost

Skill      XL: |  1  2  3 |
---------------+----------+-----
Earth Magic    | 4 |  4.8
Spellcasting   | 3 |  3.7
Conjurations   | 1 |  1.5
Dodging        | |  1.5
Stealth        | |  2.1
Transmutations | |  0.7

Action                   |  1- 3 |  4- 6 || total
-------------------------+-------+-------++-------
Melee: Club              |    66 |    41 ||   107
 Cast: Sandblast         |    18 |    20 ||    38
  Use: Scroll            |       |    14 ||    14
 Stab: Sleeping          |     2 |     1 ||     3
  Eat: Chunk             |     3 |     4 ||     7
Armor: Robe              |    20 |    25 ||    45
Dodge: Dodged            |    41 |    33 ||    74
